| TOP OF THE 1ST |
|
Cabo San Lucas Worms batting - Pitching for Montego Bay Reefers : RHP Chris Codiroli
|
|
Pitching: RHP Chris Codiroli
|
|
|
Batting: LHB Dennis Webb
|
0-0: Bunt missed! 0-1: Swinging Strike 0-2: Strikes out swinging
|
|
Batting: SHB Larry Reynolds
|
0-0: Bunted foul 0-1: TRIPLE (Flyball, 89XD, EV 108.1 MPH)
|
|
Batting: SHB John Macauley
|
0-0: Called Strike 0-1: Ball 1-1: Ball 2-1: Ball 3-1: Base on Balls
|
|
Batting: LHB Joseph Bruno
|
0-0: Called Strike 0-1: Ball 1-1: Foul Ball, location: 2F 1-2: Reached via error on a dropped throw from P, E6 (Groundball, 13S, EV 68.8 MPH) Larry Reynolds scores John Macauley to second
|
|
Batting: RHB Tim Teufel
|
0-0: Ball Balk! John Macauley to third Joseph Bruno to second 1-0: Called Strike 1-1: Ball Wild Pitch! John Macauley scores Joseph Bruno to third 2-1: Foul Ball, location: 2F 2-2: Foul Ball, location: 2F 2-2: Ball 3-2: Strikes out swinging
|
|
Batting: RHB Paul Zuvella
|
0-0: Ball 1-0: SINGLE (Groundball, 4M, EV 95.6 MPH) (infield hit) Joseph Bruno scores
|
|
Batting: LHB Raymond Rivas
|
0-0: Ball 1-0: Ball 2-0: Foul Ball, location: 2F 2-1: Foul Ball, location: 2F 2-2: Fly out, F3 (Line Drive, 3, EV 63.1 MPH)
|
| Top of the 1st over - 3 runs, 2 hits, 1 error, 1 left on base; Cabo San Lucas 3 - Montego Bay 0 |
| BOTTOM OF THE 1ST |
|
Montego Bay Reefers batting - Pitching for Cabo San Lucas Worms : RHP Carlos Rodriguez
|
|
Pitching: RHP Carlos Rodriguez
|
|
|
Batting: LHB Lloyd Moseby
|
0-0: Swinging Strike 0-1: Ball 1-1: SINGLE (Groundball, 3L, EV 108.8 MPH)
|
|
Batting: RHB Brook Jacoby
|
0-0: Ball 1-0: Fly out, F9 (Flyball, 89D, EV 103.8 MPH)
|
|
Batting: RHB Jim Presley
|
0-0: Ball 1-0: Ball 2-0: Called Strike 2-1: Called Strike 2-2: Foul Ball, location: 2F 2-2: Fielders Choice at 2nd, 6-4 (Groundball, 6, EV 80.0 MPH)
|
|
Batting: RHB Ron Kittle
|
0-0: Swinging Strike 0-1: Swinging Strike 0-2: Ball 1-2: Fly out, F6 (Popup, 6, EV 66.3 MPH)
|
| Bottom of the 1st over - 0 runs, 1 hit, 0 errors, 1 left on base; Cabo San Lucas 3 - Montego Bay 0 |
| TOP OF THE 2ND |
|
Cabo San Lucas Worms batting - Pitching for Montego Bay Reefers : RHP Chris Codiroli
|
|
Batting: LHB Timothy Hickerson
|
0-0: Ball 1-0: Ball 2-0: Ball 3-0: Base on Balls
|
|
Batting: SHB Razor Shines
|
0-0: Ball 1-0: Ball 2-0: Called Strike 2-1: Foul Ball, location: 2F 2-2: Fielders Choice at 2nd, 1-6 (Groundball, 13, EV 71.9 MPH)
|
|
Batting: LHB Dennis Webb
|
0-0: Ball 1-0: Called Strike 1-1: Ball 2-1: Called Strike 2-2: Strikes out swinging
|
|
Batting: SHB Larry Reynolds
|
0-0: Called Strike Razor Shines is caught stealing 2nd base 2-6
|
| Top of the 2nd over - 0 runs, 0 hits, 0 errors, 0 left on base; Cabo San Lucas 3 - Montego Bay 0 |
| BOTTOM OF THE 2ND |
|
Montego Bay Reefers batting - Pitching for Cabo San Lucas Worms : RHP Carlos Rodriguez
|
|
Batting: RHB Don Lyle
|
0-0: Ball 1-0: Hit by Pitch
|
|
Batting: RHB Ed Jurak
|
0-0: Grounds into double play, 5-4-3 (Groundball, 5S, EV 85.0 MPH)
|
|
Batting: LHB John Stefero
|
0-0: Foul Ball, location: 2F 0-1: Ball 1-1: Ball 2-1: Foul Ball, location: 2F 2-2: Foul Ball, location: 2F 2-2: Ball 3-2: Foul Ball, location: 2F 3-2: Base on Balls
|
|
Batting: RHB Al Pedrique
|
0-0: Swinging Strike 0-1: SINGLE (Line Drive, 6MD, EV 100.6 MPH) John Stefero to second
|
|
Batting: RHB Douglas Morganti
|
0-0: Ball 1-0: Fly out, F8 (Flyball, 89M, EV 91.3 MPH)
|
| Bottom of the 2nd over - 0 runs, 1 hit, 0 errors, 2 left on base; Cabo San Lucas 3 - Montego Bay 0 |
| TOP OF THE 3RD |
|
Cabo San Lucas Worms batting - Pitching for Montego Bay Reefers : RHP Chris Codiroli
|
|
Batting: SHB Larry Reynolds
|
0-0: SINGLE (Line Drive, 89S, EV 96.3 MPH)
|
|
Batting: SHB John Macauley
|
0-0: Swinging Strike 0-1: Ball Balk! Larry Reynolds to second 1-1: Ball 2-1: Ground out 6-3 (Groundball, 6, EV 97.5 MPH)
|
|
Batting: LHB Joseph Bruno
|
0-0: Called Strike 0-1: Ball 1-1: Ball Larry Reynolds steals 3rd base 2-1: Foul Ball, location: 2F 2-2: Foul Ball, location: 2F 2-2: Strikes out swinging
|
|
Batting: RHB Tim Teufel
|
0-0: Ball 1-0: Called Strike 1-1: Swinging Strike 1-2: Ground out 5-3 (Groundball, 56, EV 91.9 MPH)
|
| Top of the 3rd over - 0 runs, 1 hit, 0 errors, 1 left on base; Cabo San Lucas 3 - Montego Bay 0 |
| BOTTOM OF THE 3RD |
|
Montego Bay Reefers batting - Pitching for Cabo San Lucas Worms : RHP Carlos Rodriguez
|
|
Batting: LHB Lloyd Moseby
|
0-0: Ball 1-0: Foul Ball, location: 2F 1-1: Ball 2-1: Fly out, F8 (Flyball, 8RM, EV 78.8 MPH)
|
|
Batting: RHB Brook Jacoby
|
0-0: Ball 1-0: Foul Ball, location: 2F 1-1: Ball 2-1: Foul Ball, location: 2F 2-2: Foul Ball, location: 2F 2-2: Foul Ball, location: 2F 2-2: Strikes out swinging
|
|
Batting: RHB Jim Presley
|
0-0: Ball 1-0: Ground out 3-1 (Groundball, 34, EV 86.3 MPH)
|
| Bottom of the 3rd over - 0 runs, 0 hits, 0 errors, 0 left on base; Cabo San Lucas 3 - Montego Bay 0 |
| TOP OF THE 4TH |
|
Cabo San Lucas Worms batting - Pitching for Montego Bay Reefers : RHP Chris Codiroli
|
|
Batting: RHB Paul Zuvella
|
0-0: Ball 1-0: Ball 2-0: Called Strike 2-1: Ball 3-1: Foul Ball, location: 2F 3-2: SINGLE (Groundball, 34D, EV 102.5 MPH)
|
|
Batting: LHB Raymond Rivas
|
0-0: Foul Ball, location: 2F 0-1: Ball 1-1: Ball 2-1: Ball 3-1: Fly out, F8 (Flyball, 8LS, EV 83.8 MPH)
|
|
Batting: LHB Timothy Hickerson
|
0-0: SINGLE (Groundball, 4S, EV 93.8 MPH) (infield hit) Paul Zuvella to second
|
|
Batting: SHB Razor Shines
|
0-0: Called Strike 0-1: Foul Ball, location: 2F 0-2: Ball 1-2: Ball 2-2: Fly out, F8 (Flyball, 8LS, EV 96.3 MPH)
|
|
Batting: LHB Dennis Webb
|
0-0: Swinging Strike 0-1: Ball 1-1: Ball 2-1: Called Strike 2-2: Ball 3-2: Fly out, F7 (Flyball, 78S, EV 83.1 MPH)
|
| Top of the 4th over - 0 runs, 2 hits, 0 errors, 2 left on base; Cabo San Lucas 3 - Montego Bay 0 |
| BOTTOM OF THE 4TH |
|
Montego Bay Reefers batting - Pitching for Cabo San Lucas Worms : RHP Carlos Rodriguez
|
|
Batting: RHB Ron Kittle
|
0-0: Called Strike 0-1: Foul Ball, location: 2F 0-2: Strikes out swinging
|
|
Batting: RHB Don Lyle
|
0-0: Called Strike 0-1: Called Strike 0-2: Ball 1-2: Ball 2-2: Strikes out swinging
|
|
Batting: RHB Ed Jurak
|
0-0: Fly out, F4 (Popup, 34S, EV 81.9 MPH)
|
| Bottom of the 4th over - 0 runs, 0 hits, 0 errors, 0 left on base; Cabo San Lucas 3 - Montego Bay 0 |
| TOP OF THE 5TH |
|
Cabo San Lucas Worms batting - Pitching for Montego Bay Reefers : RHP Chris Codiroli
|
|
Pitching: LHP Juan Valdez
|
|
|
Batting: SHB Larry Reynolds
|
0-0: Ball 1-0: Foul Ball, location: 2F 1-1: Ball 2-1: Ball 3-1: Single, Error in OF, E8, batter to second base (Groundball, 4MD, EV 109.4 MPH)
|
|
Batting: SHB John Macauley
|
0-0: Ball 1-0: Ball 2-0: Ball 3-0: Base on Balls
|
|
Batting: LHB Joseph Bruno
|
0-0: Called Strike 0-1: Called Strike 0-2: Ball 1-2: Ball 2-2: Fielders Choice at 2nd, 6-4 (Groundball, 6, EV 86.3 MPH) Larry Reynolds to third
|
|
Batting: RHB Tim Teufel
|
0-0: Ball 1-0: Ball 2-0: Fly out, F7 (Flyball, 78M, EV 75.6 MPH) Runner from 3rd tags up, SCORES, no throw by LF
|
|
Batting: RHB Paul Zuvella
|
0-0: Ball Joseph Bruno steals 2nd base 1-0: Foul Ball, location: 2F 1-1: Foul Ball, location: 2F 1-2: DOUBLE (Groundball, 5L, EV 110.0 MPH) Joseph Bruno scores
|
|
Batting: LHB Raymond Rivas
|
0-0: Foul Ball, location: 2F 0-1: Foul Ball, location: 2F 0-2: Fly out, F9 (Flyball, 9S, EV 83.8 MPH)
|
| Top of the 5th over - 2 runs, 2 hits, 1 error, 1 left on base; Cabo San Lucas 5 - Montego Bay 0 |
| BOTTOM OF THE 5TH |
|
Montego Bay Reefers batting - Pitching for Cabo San Lucas Worms : RHP Carlos Rodriguez
|
|
Batting: LHB John Stefero
|
0-0: Ball 1-0: Ball 2-0: Ball 3-0: Called Strike 3-1: Foul Ball, location: 2F 3-2: Strikes out looking
|
|
Batting: RHB Al Pedrique
|
0-0: Ball 1-0: Ball 2-0: Ball 3-0: Base on Balls
|
|
Batting: RHB Douglas Morganti
|
0-0: Ball 1-0: Called Strike 1-1: Swinging Strike 1-2: Fly out, F7 (Flyball, 7S, EV 90.6 MPH)
|
|
Batting: LHB Lloyd Moseby
|
0-0: Ball 1-0: Called Strike 1-1: 2-RUN HOME RUN (Flyball, 89XD, EV 91.9 MPH), Distance : 415 ft
|
|
Batting: RHB Brook Jacoby
|
0-0: Ball 1-0: Foul Ball, location: 2F 1-1: SOLO HOME RUN (Flyball, 89XD, EV 103.8 MPH), Distance : 413 ft
|
|
Batting: RHB Jim Presley
|
0-0: Called Strike 0-1: Fly out, F8 (Flyball, 8RXD, EV 93.1 MPH)
|
| Bottom of the 5th over - 3 runs, 2 hits, 0 errors, 0 left on base; Cabo San Lucas 5 - Montego Bay 3 |
| TOP OF THE 6TH |
|
Cabo San Lucas Worms batting - Pitching for Montego Bay Reefers : LHP Juan Valdez
|
|
Batting: LHB Timothy Hickerson
|
0-0: Ball 1-0: Swinging Strike 1-1: Ball 2-1: Ball 3-1: Base on Balls
|
|
Batting: SHB Razor Shines
|
0-0: Fly out, F8 (Flyball, 8RXD, EV 104.4 MPH) Runner from 1st tags up, SAFE at 2nd
|
|
Batting: LHB Dennis Webb
|
0-0: Ball 1-0: Called Strike 1-1: Ball 2-1: Ball 3-1: Swinging Strike 3-2: Strikes out looking
|
|
Batting: SHB Larry Reynolds
|
0-0: Called Strike 0-1: Foul Ball, location: 2F 0-2: Ball 1-2: SINGLE (Line Drive, 78M, EV 111.3 MPH) Timothy Hickerson to third Runner from 3rd tries for Home, SAFE, throw by LF to home
|
|
Pitching: RHP Gordie Pladson
|
|
|
Batting: SHB John Macauley
|
0-0: Ball Larry Reynolds steals 2nd base 1-0: Ball 2-0: Ground out 2-3 (Groundball, 13S, EV 66.9 MPH)
|
| Top of the 6th over - 1 run, 1 hit, 0 errors, 1 left on base; Cabo San Lucas 6 - Montego Bay 3 |
| BOTTOM OF THE 6TH |
|
Montego Bay Reefers batting - Pitching for Cabo San Lucas Worms : RHP Carlos Rodriguez
|
|
Batting: RHB Ron Kittle
|
0-0: Ball 1-0: Ball 2-0: SOLO HOME RUN (Flyball, 78XD, EV 99.4 MPH), Distance : 426 ft
|
|
Batting: RHB Don Lyle
|
0-0: Ball 1-0: Ball 2-0: Fly out, F9 (Flyball, 89S, EV 83.8 MPH)
|
|
Batting: RHB Ed Jurak
|
0-0: Foul Ball, location: 2F 0-1: Foul Ball, location: 2F 0-2: Foul Ball, location: 2F 0-2: Strikes out swinging
|
|
Batting: LHB John Stefero
|
0-0: Ball 1-0: Ball 2-0: Ball 3-0: Base on Balls
|
|
Batting: RHB Al Pedrique
|
0-0: DOUBLE (Line Drive, 7LS, EV 98.1 MPH) John Stefero to third Runner from 3rd tries for Home, SAFE, no throw by LF
|
|
Pitching: RHP Edward Arkema
|
|
|
Batting: RHB Douglas Morganti
|
0-0: Called Strike 0-1: Ball 1-1: Ball 2-1: DOUBLE (Flyball, 78XD, EV 101.3 MPH) Al Pedrique scores
|
|
Batting: LHB Lloyd Moseby
|
0-0: Intentional Walk
|
|
Batting: RHB Brook Jacoby
|
0-0: Ball 1-0: Ball 2-0: Swinging Strike 2-1: Ball 3-1: Foul Ball, location: 2F 3-2: Strikes out swinging
|
| Bottom of the 6th over - 3 runs, 3 hits, 0 errors, 2 left on base; Cabo San Lucas 6 - Montego Bay 6 |
| TOP OF THE 7TH |
|
Cabo San Lucas Worms batting - Pitching for Montego Bay Reefers : RHP Gordie Pladson
|
|
Batting: LHB Joseph Bruno
|
0-0: Ball 1-0: Ball 2-0: Called Strike 2-1: Foul Ball, location: 2F 2-2: SINGLE (Line Drive, 7S, EV 100.6 MPH)
|
|
Batting: RHB Tim Teufel
|
0-0: Called Strike 0-1: Ball 1-1: Foul Ball, location: 2F 1-2: Foul Ball, location: 2F 1-2: Fly out, F8 (Line Drive, 8RM, EV 93.8 MPH)
|
|
Batting: RHB Paul Zuvella
|
0-0: Ball 1-0: Foul Ball, location: 2F 1-1: Called Strike 1-2: Strikes out swinging
|
|
Batting: LHB Raymond Rivas
|
0-0: Called Strike 0-1: Ball 1-1: Swinging Strike 1-2: Foul Ball, location: 2F 1-2: Fielders Choice at 2nd, 5-4 (Groundball, 5, EV 89.4 MPH)
|
| Top of the 7th over - 0 runs, 1 hit, 0 errors, 1 left on base; Cabo San Lucas 6 - Montego Bay 6 |
| BOTTOM OF THE 7TH |
|
Montego Bay Reefers batting - Pitching for Cabo San Lucas Worms : RHP Edward Arkema
|
|
Batting: RHB Jim Presley
|
0-0: Foul Ball, location: 2F 0-1: Foul Ball, location: 2F 0-2: Foul Ball, location: 2F 0-2: Strikes out looking
|
|
Batting: RHB Ron Kittle
|
0-0: Foul Ball, location: 2F 0-1: Foul Ball, location: 2F 0-2: Foul Ball, location: 2F 0-2: Ball 1-2: Ball 2-2: Ball 3-2: Base on Balls
|
|
Pitching: RHP Joel Finch
|
|
|
Batting: RHB Don Lyle
|
0-0: DOUBLE (Flyball, 89XD, EV 104.4 MPH) Ron Kittle to third Runner from 3rd tries for Home, SAFE, throw by RF to home
|
|
Batting: RHB Ed Jurak
|
0-0: Ball 1-0: Foul Ball, location: 2F 1-1: Called Strike 1-2: Foul Ball, location: 2F 1-2: Foul Ball, location: 2F 1-2: Foul Ball, location: 2F 1-2: SINGLE (Groundball, 6MS, EV 62.5 MPH) (infield hit) Don Lyle to third
|
|
Batting: LHB John Stefero
|
0-0: Called Strike Ed Jurak steals 2nd base 0-1: Swinging Strike 0-2: Ball 1-2: Strikes out swinging
|
|
Batting: RHB Al Pedrique
|
0-0: Intentional Walk
|
|
Batting: RHB Douglas Morganti
|
0-0: Foul Ball, location: 2F 0-1: Ball 1-1: Called Strike 1-2: Ball 2-2: Foul Ball, location: 2F 2-2: Strikes out swinging
|
| Bottom of the 7th over - 1 run, 2 hits, 0 errors, 3 left on base; Cabo San Lucas 6 - Montego Bay 7 |
| TOP OF THE 8TH |
|
Cabo San Lucas Worms batting - Pitching for Montego Bay Reefers : RHP Gordie Pladson
|
|
Batting: LHB Timothy Hickerson
|
0-0: Called Strike 0-1: Ball 1-1: Ball 2-1: Ball 3-1: Ground out 6-3 (Groundball, 56S, EV 76.9 MPH)
|
|
Batting: SHB Razor Shines
|
0-0: Swinging Strike 0-1: Ball 1-1: Fly out, F4 (Popup, 4D, EV 66.3 MPH)
|
|
Pitching: RHP Fred Breining
|
|
|
Batting: LHB Dennis Webb
|
0-0: Ball 1-0: Foul Ball, location: 2F 1-1: SINGLE (Groundball, 34, EV 106.9 MPH) (infield hit)
|
|
Batting: SHB Larry Reynolds
|
0-0: Ball 1-0: Called Strike 1-1: Called Strike 1-2: Strikes out swinging
|
| Top of the 8th over - 0 runs, 1 hit, 0 errors, 1 left on base; Cabo San Lucas 6 - Montego Bay 7 |
| BOTTOM OF THE 8TH |
|
Montego Bay Reefers batting - Pitching for Cabo San Lucas Worms : RHP Joel Finch
|
|
Batting: LHB Lloyd Moseby
|
0-0: Called Strike 0-1: Ball 1-1: Foul Ball, location: 2F 1-2: SINGLE (Groundball, 34D, EV 100.6 MPH)
|
|
Pitching: RHP Eric Magee
|
|
|
Batting: RHB Brook Jacoby
|
0-0: Foul Ball, location: 2F 0-1: Called Strike 0-2: Strikes out swinging
|
|
Batting: RHB Jim Presley
|
0-0: Ball Lloyd Moseby is caught stealing 2nd base 2-4 1-0: SINGLE (Groundball, 34D, EV 96.9 MPH)
|
|
Batting: RHB Ron Kittle
|
0-0: Ball Jim Presley steals 2nd base 1-0: Intentional Walk
|
|
Batting: RHB Don Lyle
|
0-0: Ball 1-0: Ball 2-0: Called Strike 2-1: Fly out, F8 (Flyball, 8RXD, EV 96.9 MPH)
|
| Bottom of the 8th over - 0 runs, 2 hits, 0 errors, 2 left on base; Cabo San Lucas 6 - Montego Bay 7 |
| TOP OF THE 9TH |
|
Cabo San Lucas Worms batting - Pitching for Montego Bay Reefers : RHP Fred Breining
|
|
Batting: SHB John Macauley
|
0-0: Ball 1-0: SINGLE (Groundball, 34D, EV 108.1 MPH)
|
|
Batting: LHB Joseph Bruno
|
0-0: Ball 1-0: Swinging Strike 1-1: Ball 2-1: Ball 3-1: Base on Balls John Macauley to second
|
|
Batting: RHB Tim Teufel
|
0-0: Called Strike 0-1: Ball 1-1: Ball 2-1: Ball 3-1: Base on Balls John Macauley to third Joseph Bruno to second
|
|
Batting: RHB Paul Zuvella
|
0-0: Called Strike 0-1: Swinging Strike 0-2: Ball 1-2: Grounds into fielders choice 5-2 (Groundball, 56S, EV 95.0 MPH) Joseph Bruno to third Tim Teufel to second
|
|
Batting: LHB Raymond Rivas
|
0-0: Grounds into double play, 2-2-3 (Groundball, 2L, EV 70.6 MPH)
|
| Top of the 9th over - 0 runs, 1 hit, 0 errors, 2 left on base; Cabo San Lucas 6 - Montego Bay 7 |
|